Map: Alcyone LE

Players

HeroMarine - Winner!

  • Race: Terran Terran
  • League: Grandmaster
  • Spawn Location: 7:00

LiquidElazer (Elazer)

  • Race: Zerg Zerg
  • Spawn Location: 1:00

Event: HomeStory Cup XXV

VOD

Have the link to the VOD?

Description

Time

  • Played on: June 22, 2024, 3:31 p.m.
  • Length: 15:34

All games in this series

Show
View Real Time Build Order
Export as new Build Order

HeroMarine Terran - Winner!

Build Orders: Reaper Expand 

Get SALT Encoding   

  12  0:00  SCV  
  13  0:12  SCV  
  14  0:16  Supply Depot  
  14  0:24  SCV  
  15  0:38  SCV  
  15  0:40  Barracks  
  16  0:42  Refinery  
  16  0:50  SCV  
  17  1:02  SCV  
  18  1:14  SCV  
  19  1:27  Orbital Command, Reaper  
  20  1:37  Command Center  
  20  1:47  Supply Depot  
  20  1:53  SCV  
  21  1:59  Marine  
  22  2:05  SCV  
  23  2:16  Command Center  
  23  2:17  SCV  
  23  2:21  Barracks Reactor  
  25  2:30  SCV  
  25  2:31  Barracks  
  25  2:42  SCV  
  25  2:43  Barracks  
  26  2:49  Orbital Command  
  26  2:54  SCV  
  27  2:58  Marine x2  
  29  3:06  SCV  
  29  3:12  Engineering Bay  
  30  3:15  SCV  
  30  3:16  Marine x2  
  30  3:18  SCV  
  34  3:20  Barracks Tech Lab  
  34  3:27  SCV  
  34  3:29  Orbital Command  
  34  3:30  SCV  
  34  3:32  Barracks Tech Lab  
  36  3:35  Marine x2  
  36  3:39  SCV  
  36  3:40  Terran Infantry Weapons Level 1  
  39  3:42  SCV, Marine  
  39  3:45  Stimpack  
  41  3:51  SCV, Marine  
  41  3:53  Marine x2  
  41  3:54  SCV  
  46  3:55  Refinery  
  46  3:57  SCV  
  46  4:00  Marine  
  48  4:03  SCV  
  48  4:06  SCV  
  48  4:09  Supply Depot, SCV, Marine  
  52  4:11  Marine  
  52  4:16  Combat Shield  
  53  4:18  SCV x2  
  53  4:20  Orbital Command, Marine x2  
  57  4:27  Marine  
  57  4:30  SCV  
  57  4:31  SCV  
  58  4:34  Marine  
  49  4:38  Marine  
  49  4:42  SCV  
  49  4:43  SCV  
  49  4:44  Marine  
  47  4:49  SCV  
  47  4:51  Marine  
  42  4:54  SCV  
  42  4:55  SCV  
  42  4:56  Marine  
  45  5:01  SCV  
  45  5:02  Factory  
  45  5:04  Engineering Bay  
  45  5:06  SCV  
  47  5:07  SCV  
  47  5:08  Marine  
  47  5:09  Marine  
  47  5:10  Orbital Command  
  51  5:18  Supply Depot, SCV  
  51  5:19  SCV  
  51  5:21  Marine  
  53  5:33  Supply Depot  
  53  5:34  Barracks Reactor  
  53  5:37  Refinery  
  53  5:39  SCV x2, Marine  
  53  5:40  SCV  
  53  5:41  Marine, Barracks  
  53  5:42  Barracks  
  58  5:47  Refinery  
  58  5:52  SCV x3, Starport  
  61  6:00  Orbital Command, Factory Reactor  
  61  6:01  Marine  
  61  6:02  Marine  
  61  6:04  SCV x2  
  65  6:10  Marine  
  65  6:11  Marine  
  67  6:16  SCV x2  
  69  6:23  Marine  
  69  6:30  Supply Depot  
  69  6:31  Supply Depot, SCV x2, Marine x2, Barracks Reactor x2  
  69  6:32  Terran Infantry Armor Level 1  
  74  6:34  Armory  
  74  6:35  SCV  
  72  6:41  Marine  
  72  6:43  SCV x2  
  72  6:44  Barracks Reactor  
  71  6:50  Marine x2  
  66  6:55  SCV x2  
  66  6:56  SCV  
  66  6:57  Medivac x2  
  66  6:59  Marine  
  70  7:07  SCV  
  70  7:08  SCV x2, Marine x2  
  75  7:10  Marine x4  
  79  7:17  Marine, Barracks  
  79  7:18  Barracks  
  79  7:20  Barracks  
  79  7:21  Marine x2  
  79  7:22  Supply Depot  
  82  7:23  Siege Tank  
  82  7:24  SCV  
  82  7:25  Marine x2  
  82  7:26  SCV  
  82  7:28  SCV, Marine  
  82  7:29  Terran Infantry Weapons Level 2  
  91  7:30  Marine  
  91  7:34  Supply Depot, Marine  
  93  7:42  Supply Depot  
  93  7:43  Marine x6  
  99  7:45  Medivac  
  99  7:50  Supply Depot  
  101  7:52  Supply Depot  
  101  7:55  Marine x3, Medivac  
  106  7:58  Siege Tank  
  106  8:02  Supply Depot x2  
  106  8:03  Marine x5  
  111  8:07  Barracks Reactor  
  111  8:09  Marine x4  
  114  8:13  Marine x3  
  114  8:16  Supply Depot  
  117  8:21  Marine  
  117  8:23  Medivac  
  117  8:24  Marine x2  
  122  8:28  Marine x2  
  122  8:30  Siege Tank, Marine x4  
  122  8:31  Marine  
  129  8:40  Marine x3  
  132  8:42  Marine x2  
  132  8:46  Marine x2  
  132  8:48  Marine x5  
  138  8:52  Medivac  
  143  8:58  Marine x3  
  143  9:00  Marine x2  
  148  9:03  Siege Tank  
  148  9:04  Marine x2  
  148  9:05  Marine  
  148  9:06  Marine x3  
  148  9:09  Terran Infantry Armor Level 2  
  157  9:11  Marine  
  157  9:13  Supply Depot  
  157  9:15  Supply Depot  
  157  9:16  Supply Depot, Marine x3  
  160  9:17  Marine  
  160  9:18  Marine  
  160  9:21  Marine  
  160  9:23  Marine x2  
  165  9:33  Supply Depot x2  
  165  9:35  Siege Tank, Marine x5  
  173  9:41  Marine x6  
  179  9:50  Marine  
  176  9:52  Marine  
  176  9:56  Marine x2  
  179  10:04  Marine x2, Command Center  
  179  10:05  Marine x2  
  179  10:07  Siege Tank  
  177  10:16  Marine x2  
  177  10:18  Marine x3  
  155  10:22  Marine x6, Terran Infantry Weapons Level 3  
  155  10:23  Marine  
  155  10:24  Medivac  
  163  10:34  Marine x2  
  163  10:36  Marine x3  
  163  10:39  Siege Tank  
  163  10:40  Marine x4  
  172  10:45  Marine  
  172  10:47  Marine x2  
  152  10:56  Marine x2  
  151  11:00  Marine x7  
  151  11:02  Medivac x2  
  151  11:03  Marine  
  160  11:05  Marine x2  
  154  11:11  Siege Tank  
  154  11:14  Marine x2  
  154  11:18  Marine x7  
  149  11:21  Marine  
  149  11:23  Marine x2  
  143  11:29  SCV x2  
  143  11:30  Refinery  
  143  11:31  SCV, Marine  
  143  11:32  Marine  
  143  11:36  Marine x7  
  143  11:39  Marine, Medivac  
  148  11:41  Marine x2  
  148  11:43  Siege Tank  
  148  11:46  SCV x2  
  148  11:47  SCV  
  156  11:49  Marine x2  
  156  11:53  Marine  
  156  11:54  Marine  
  159  11:57  Marine  
  159  11:58  Marine x6  
  159  11:59  Marine  
  155  12:07  Marine x2, Missile Turret  
  150  12:11  Terran Infantry Armor Level 3, Marine x2  
  146  12:15  Siege Tank, Marine x3  
  152  12:25  Orbital Command  
  152  12:27  Barracks Tech Lab x3  
  152  12:29  Marauder  
  154  12:35  Marine  
  154  12:36  Marine, Factory  
  138  12:48  Siege Tank, Marauder x3  
  138  12:50  Marine x2, Marauder  
  147  12:53  Marine x2  
  147  12:54  Marine  
  140  13:03  Marine x2  
  136  13:07  Marine x3  
  136  13:09  Marine, Marauder x2  
  136  13:11  Marauder, Drilling Claws  
  143  13:16  Marine, Command Center  
  139  13:20  Widow Mine  
  139  13:24  Marine x2  
  131  13:27  Marauder  
  131  13:28  Marine x3  
  131  13:29  Marine x2  
  131  13:30  Marauder  
  131  13:31  Marauder  
  127  13:38  Marine  
  127  13:39  Marauder  
  127  13:41  Factory Reactor, Medivac x2  
  124  13:42  Marine x2  
  124  13:45  Marine  
  124  13:46  Marine x2  
  131  13:49  Marauder  
  131  13:50  Marine x2  
  135  13:56  Concussive Shells  
  135  13:58  Marine, Marauder x2  
  135  13:59  Marine  
  135  14:00  Marine  
  142  14:05  Marine x2  
  142  14:06  Marine  
  142  14:07  Marine  
  121  14:11  Marine, Medivac x2  
  121  14:12  Marine x2  
  121  14:16  Marine  
  119  14:17  Marine  
  119  14:18  Marine, Widow Mine x3  
  120  14:25  Marine  
  120  14:26  Marine x3, Marauder x2  
  120  14:30  Marine x2, Marauder  
  130  14:36  Marauder  
  132  14:41  Medivac x2  
  132  14:43  Marine  
  132  14:44  Marine  
  132  14:45  Marine x2  
  140  14:47  Marauder x2  
  140  14:48  Marine  
  140  14:49  Marine x2  
  140  14:50  Sensor Tower  
  140  14:52  Marauder  
  149  14:57  Marauder  
  143  15:08  Marauder x2  
  143  15:09  Marine x6  
  143  15:10  Marine x2  
  143  15:13  Marauder  
  161  15:15  Command Center  
Show
View Real Time Build Order
Export as new Build Order

LiquidElazer Zerg 

Build Orders: Hatch First, Zergling Baneling 

Get SALT Encoding   

  12  0:00  Drone  
  13  0:08  Drone  
  14  0:14  Drone, Extractor  
  15  0:35  Hatchery  
  15  0:41  Drone, Extractor  
  15  0:47  Overlord  
  15  1:02  Spawning Pool  
  14  1:06  Drone  
  14  1:09  Drone  
  16  1:13  Drone  
  16  1:17  Drone  
  18  1:28  Drone  
  18  1:32  Extractor  
  18  1:38  Drone  
  19  1:48  Drone  
  19  1:49  Queen x2  
  19  1:50  Drone  
  25  1:59  Drone  
  25  2:00  Overlord  
  26  2:11  Drone x2  
  28  2:20  Drone  
  28  2:21  Drone  
  30  2:27  Extractor  
  29  2:30  Queen x2  
  29  2:34  Overlord  
  29  2:35  Drone  
  35  2:40  Metabolic Boost  
  35  2:43  Drone  
  36  2:52  Drone x2  
  36  2:54  Drone  
  39  2:59  Zergling x10  
  44  3:06  Spore Crawler  
  43  3:13  Zergling x2  
  43  3:15  Baneling Nest  
  43  3:20  Zergling x2  
  44  3:27  Overlord, Extractor  
  44  3:31  Zergling x2  
  44  3:36  Hatchery  
  44  3:39  Overlord  
  44  3:46  Zergling x2  
  44  3:47  Zergling x12  
  51  3:54  Extractor  
  51  3:55  Zergling x4  
  52  3:56  Extractor  
  52  4:00  Zergling x4  
  55  4:04  Zergling x2  
  55  4:06  Baneling x8  
  56  4:10  Zergling x2  
  57  4:18  Baneling, Zergling x4  
  57  4:19  Zergling x2  
  59  4:25  Zergling x2  
  59  4:28  Overlord  
  58  4:36  Zergling x10  
  57  4:43  Zergling x4  
  54  4:51  Drone x3  
  50  4:54  Drone x2  
  50  4:55  Drone x2  
  54  5:00  Drone x3  
  57  5:07  Drone  
  57  5:10  Drone x2  
  59  5:15  Evolution Chamber  
  59  5:16  Evolution Chamber  
  59  5:18  Drone x3  
  60  5:22  Drone x3  
  60  5:23  Drone x2  
  60  5:24  Drone  
  66  5:31  Drone  
  66  5:32  Drone x2  
  66  5:35  Drone x3  
  72  5:42  Overlord, Zerg Ground Armor Level 1  
  72  5:45  Overlord  
  72  5:47  Drone  
  72  5:48  Zerg Melee Weapons Level 1  
  73  6:01  Drone x7  
  78  6:04  Hatchery  
  78  6:05  Overlord, Extractor  
  78  6:06  Zergling x4  
  78  6:07  Zergling x2  
  78  6:09  Zergling x2  
  79  6:13  Zergling x4  
  81  6:19  Extractor  
  81  6:21  Baneling x3  
  80  6:26  Extractor  
  80  6:27  Zergling x12  
  80  6:30  Zergling x6  
  88  6:34  Overlord  
  88  6:35  Zergling x4  
  90  6:45  Zergling x2  
  90  6:46  Zergling x6  
  87  6:49  Drone x2  
  87  6:52  Lair  
  82  6:55  Drone x3  
  82  6:58  Drone x4  
  82  7:00  Drone x5  
  93  7:01  Burrow  
  93  7:09  Overlord  
  93  7:10  Hatchery  
  90  7:16  Overlord  
  90  7:17  Drone x2  
  90  7:20  Drone  
  93  7:26  Drone x3  
  96  7:31  Zergling x16  
  96  7:32  Overlord  
  96  7:33  Hatchery  
  96  7:35  Overlord  
  103  7:37  Zergling x4  
  103  7:38  Spore Crawler  
  103  7:41  Overlord  
  104  7:47  Drone x2  
  104  7:49  Zerg Melee Weapons Level 2, Zerg Ground Armor Level 2  
  104  7:50  Centrifugal Hooks  
  106  7:52  Hatchery, Zergling x4  
  106  7:56  Zergling x2  
  106  7:57  Zergling x16  
  116  8:02  Spore Crawler  
  110  8:06  Zergling x12  
  110  8:07  Spore Crawler  
  110  8:08  Spore Crawler  
  110  8:10  Drone  
  113  8:15  Zergling x6  
  113  8:18  Baneling x4  
  116  8:20  Queen, Overlord  
  116  8:25  Zergling x18  
  127  8:29  Baneling x5  
  127  8:30  Zergling x14  
  132  8:41  Infestation Pit  
  131  8:43  Overseer  
  131  8:44  Drone x7  
  138  8:49  Drone  
  138  8:51  Baneling x6  
  138  8:52  Baneling x3  
  138  8:53  Baneling x2  
  138  8:54  Overlord  
  138  8:56  Zergling x6  
  138  8:58  Hatchery  
  141  9:02  Drone  
  141  9:03  Drone x4  
  141  9:05  Spore Crawler  
  141  9:08  Zergling x14  
  147  9:16  Zergling x18  
  153  9:18  Hive  
  153  9:20  Overlord  
  153  9:21  Overlord  
  153  9:22  Zergling x6  
  153  9:27  Zergling x8  
  154  9:41  Zergling x20  
  162  9:46  Zergling x2  
  162  9:48  Baneling x15  
  162  9:52  Zergling x28  
  151  10:07  Zergling x2  
  151  10:08  Zergling x16  
  137  10:21  Zergling x2  
  137  10:22  Zergling x34  
  137  10:24  Baneling x8  
  147  10:28  Zergling x4  
  147  10:32  Viper, Adrenal Glands  
  150  10:36  Hatchery  
  138  10:44  Zergling x16  
  138  10:49  Viper  
  130  10:51  Zergling x22  
  139  10:59  Zergling x8  
  139  11:03  Zergling x2  
  140  11:05  Queen x2  
  140  11:07  Zergling x4  
  144  11:14  Zergling x12  
  140  11:19  Zergling x18  
  140  11:25  Zergling x6  
  138  11:27  Hatchery  
  138  11:31  Zergling x2  
  138  11:32  Zergling x6  
  136  11:36  Zergling x6  
  130  11:40  Zergling x2  
  130  11:41  Zergling x2  
  124  11:50  Zergling x18  
  123  11:58  Zergling x2  
  123  11:59  Zergling x6  
  121  12:07  Zergling x6  
  117  12:12  Zergling x14  
  117  12:15  Baneling x8  
  123  12:18  Zergling x2  
  123  12:20  Zerg Melee Weapons Level 3, Zerg Ground Armor Level 3  
  123  12:27  Zergling x2  
  123  12:28  Zergling x6  
  124  12:39  Zergling x10  
  113  12:44  Zergling x2  
  113  12:45  Zergling x20  
  110  12:57  Zergling x10  
  113  13:00  Hatchery  
  101  13:08  Zergling x18  
  108  13:13  Zergling x18  
  104  13:27  Queen, Zergling x10  
  94  13:32  Zergling x6  
  91  13:47  Zergling x16  
  99  13:49  Zergling x4  
  101  13:56  Drone x4  
  101  14:01  Drone  
  94  14:11  Zergling x10  
  97  14:17  Zergling x10  
  97  14:20  Zergling x2  
  102  14:24  Baneling x4  
  102  14:25  Baneling x7, Drone  
  102  14:28  Drone x3  
  102  14:30  Drone  
  107  14:31  Drone  
  109  14:38  Drone x5  
  109  14:41  Baneling x5  
  109  14:43  Drone x2  
  115  14:49  Overlord  
  115  14:50  Drone x2  
  107  15:00  Drone x9  
  107  15:05  Zergling x8  
Tags
 
Add a new tag
Caveats
  • Supply blocks, unpowered buildings, or Contaminate may cause inaccurate times.
  • Supply counts are checked every 10 seconds.